 Dungeon Crawl Stone Soup version 0.27-a0-1277-g3808f8b1c9 (webtiles) character file.

Game seed: 13821940730927416105

114 Froggeryz the Magician (level 5, -11/35 HPs)
             Began as a Djinni Air Elementalist on June 12, 2021.
             Was a Follower of Uskayaw.
             Mangled by a gnoll (14 damage)
             ... on level 3 of the Dungeon.
             The game lasted 00:03:39 (2472 turns).

Froggeryz the Magician (Djinni Air Elementalist)    Turns: 2472, Time: 00:03:40

Health: -11/35     AC:  4    Str:  7    XL:     5   Next: 19%
Gold:   142        EV: 12    Int: 17    God:    Uskayaw [*.....] SH:  0 Dex: 14

rFire    + + .     SeeInvis .   j - +2 whip (venom)
rCold    . . .     Faith    .   (no shield)
rNeg     . . .     Spirit   .   a - +0 robe
rPois    ∞         Reflect  .   (no helmet)
rElec    .         Harm     .   (no cloak)
rCorr    .         Rampage  .   h - +1 pair of gloves
Will     .....                  (boots unavailable)
Stlth    ++........             (no amulet)
HPRegen  0.11/turn              m - ring of protection from cold
MPRegen  0.00/turn              (no ring)

@: flying
A: sickness immunity, fire resistance 2, cold vulnerability 1, float, innate
caster, hp casting, extra vitality 1
a: Renounce Religion, Stomp


You were on level 3 of the Dungeon.
You worshipped Uskayaw.
Uskayaw was noncommittal.
You visited 1 branch of the dungeon, and saw 3 of its levels.

You collected 142 gold pieces.

Inventory:

Hand Weapons
 j - a +2 whip of venom (weapon)
Armour
 a - a +0 robe (worn)
 h - a +1 pair of gloves (worn)
Jewellery
 m - a ring of protection from cold (left hand)
Wands
 e - a wand of iceblast (10)
Scrolls
 b - 2 scrolls of identify
 c - a scroll of fear
Potions
 d - 2 potions of curing
 g - a potion of magic {unknown}
 i - a potion of degeneration {unknown}
 k - a potion of haste {unknown}


   Skills:
 - Level 2.1 Dodging
 - Level 1.5 Stealth
 * Level 4.2 Spellcasting


You couldn't memorise any spells.
You knew the following spells:

 Your Spells              Type           Power      Damage    Failure   Level
a - Shock                 Conj/Air       72%        1d7       2%          1
b - Static Discharge      Conj/Air       18%        N/A       4%          2
c - Swiftness             Air            18%        N/A       8%          3
d - Airstrike             Air            9%         N/A       26%         4
e - Lightning Bolt        Conj/Air       9%         1d21      58%         5
f - Freeze                Ice            72%        1d9       2%          1
g - Poisonous Vapours     Pois/Air       36%        N/A       4%          2
Your spell library was empty.

Dungeon Overview and Level Annotations

Branches:
Dungeon (3/15)

Altars:
Uskayaw


Innate Abilities, Weirdness & Mutations

You are immune to sickness and miasma.
You are immune to poison.
Your flesh is very heat resistant. (rF++)
You are vulnerable to cold. (rC-)
You float through the air rather than walking.
You learn spells naturally, not from books.
Your magical power is your life essence.
You have superior vitality. (+4 HP)


Message History

You hear the quick rusting of a very distant drain.
A gnoll comes into view. It is wielding a +0 spear.
A gnoll comes into view. It is wielding a +0 halberd.
The gnoll shouts!
You hear a shout!
A gnoll comes into view. It is wielding a +0 flail.
You see here a +0 halberd.
There is a stone staircase leading up here.
You fly upwards.
There is a stone staircase leading down here.
Casting: Shock (safe; 2% risk of failure)
Confirm with . or Enter, or press ? or * to list all spells.
Okay, then.
There is a stone staircase leading up here.
There is a stone staircase leading down here.
You fly downwards.
You hear the sound of rushing water.
There is an entrance to a sewer on this level.
Hurry and find it before the portal rusts away!
You hear the rapid rusting of a very distant drain.
There is a stone staircase leading up here.
Okay, then.
Unknown command.
Casting: Shock (safe; 2% risk of failure)
Confirm with . or Enter, or press ? or * to list all spells.
Aiming: Poisonous Vapours (safe; 4% risk of failure)
Press: ? - help, Dir - move target, f - gnoll
Aim: a gnoll, wielding a +0 halberd Poisonous vapours surround the gnoll!
The gnoll is engulfed in poison gas.
The gnoll is poisoned.
Casting: Poisonous Vapours (safe; 4% risk of failure)
Confirm with . or Enter, or press ? or * to list all spells.
Aiming: Shock (safe; 2% risk of failure)
Press: ? - help, Shift-Dir - straight line, f/p - gnoll
Aim: a gnoll, wielding a +0 halberd (heavily wounded, poisoned, 75% to hit)
The zap hits the gnoll.
The gnoll is severely wounded.
The gnoll looks more healthy.
The gnoll hits you from afar with a +0 halberd!
* * * LOW HITPOINT WARNING * * *
The gnoll hits you with a +0 halberd!
You die...

≈#....##.###.#####.# #..#
♣####.##.##........# #..#
#♣#............>.#####..#
≈###.##S##.#...........#
♣≈#.......#.####.######.#
≈####...#.#.. .# #.#
'##...#...######## #.#
...##.#.### ##.#######.#
.#.##.#.# #.#@.......# ........#
#.g.######## ##)#. #####.###
#...# ... #.# #...# #.# #.# #...#
####.#### #.#
#...########.......#
#####.########........<.)gg.)...#
#....................[).#)#..##.#
#.##.........[...................


You could see a gnoll.

Vanquished Creatures
  A wyvern skeleton (D:3)
  3 gnolls (D:3)
  An orc (D:3)
  5 bats
  4 endoplasms
  A giant cockroach (D:2)
  3 goblins (D:2)
  4 hobgoblins
  4 ball pythons
  3 frilled lizards
  2 kobolds
  3 rats
34 creatures vanquished.

Vanquished Creatures (others)
  A plant (D:3)
1 creature vanquished.

Grand Total: 35 creatures vanquished

Notes
Turn   | Place    | Note
-------+----------+-------------------------------------------
     0 | D:1      | Froggeryz the Djinni Air Elementalist began the quest for
                  | the Orb.
     0 | D:1      | Reached XP level 1. HP: 15/15 MP: 0/0
   313 | D:1      | Found a faded altar of an unknown god.
   397 | D:1      | Became a worshipper of Uskayaw the Reveller
   397 | D:1      | Reached * piety under Uskayaw
   851 | D:1      | Reached XP level 2. HP: 17/21 MP: 0/0
  1365 | D:2      | Reached skill level 3 in Spellcasting
  1403 | D:2      | Reached ** piety under Uskayaw
  1407 | D:2      | Reached *** piety under Uskayaw
  1423 | D:2      | Reached XP level 3. HP: 15/25 MP: 0/0
  1423 | D:2      | Learned a level 1 spell: Freeze
  2265 | D:3      | Reached XP level 4. HP: 25/31 MP: 0/0
  2270 | D:3      | Reached **** piety under Uskayaw
  2316 | D:3      | Reached skill level 4 in Spellcasting
  2316 | D:3      | Reached XP level 5. HP: 2/35 MP: 0/0
  2316 | D:3      | Learned a level 2 spell: Poisonous Vapours
  2472 | D:3      | Mangled by a gnoll

Illustrated notes

Levels and vault maps discovered:
D:1:      kilobyte_arrival_exit_the_forest, layout_basic,
          shapermc_ecumenical_altar_mp_vishouse, dk_noncrumbling_2
D:2:      layout_basic, minmay_tall_x
D:3:      layout_loops_cross, cheibrodos_sewer_entry_bend, moated_statue,
          saegor_snake_ambush

Skill      XL: |  1  2  3  4 |
---------------+-------------+-----
Spellcasting   | 3 4 |  4.2
Dodging        | |  2.1
Stealth        | |  1.5

Action                   |  1- 3 |  4- 6 || total
-------------------------+-------+-------++-------
Melee: Whip              |    12 |       ||    12
 Cast: Shock             |    54 |    10 ||    64
       Poisonous Vapours |       |     1 ||     1
  Use: Scroll            |     4 |       ||     4
       Potion            |       |     1 ||     1
Armor: Robe              |    11 |     1 ||    12
Dodge: Dodged            |    22 |     4 ||    26

Table legend: (Time is in decaauts)
 A = Elapsed time spent in this place.
 B = Non-inter-level travel time spent in this place.
 C = Inter-level travel time spent in this place.
 D = Time resting spent in this place.
 E = Time spent auto-exploring this place.
 F = Levels seen in this place.
 G = Mean time per level.
                   A        B        C        D        E       F      G
               +--------+--------+--------+--------+--------+-----+--------+
         Total |   2473 |   2336 |    137 |    240 |   1645 |   3 |  824.3 |
       Dungeon |   2473 |   2336 |    137 |    240 |   1645 |   3 |  824.3 |
               +--------+--------+--------+--------+--------+-----+--------+

Top non-repeatable levels by time:
     D:2: 1061 daAuts
     D:1: 986 daAuts
     D:3: 426 daAuts
